[Event "XV American Continental 2022"]
[Site "San Salvador"]
[Date "2022.05.10"]
[Round "11.1"]
[White "Salinas Herrera, Pablo"]
[Black "Gareyev, Timur"]
[Result "1/2-1/2"]
[ECO "C78"]
[WhiteElo "2534"]
[BlackElo "2565"]
[Annotator "TA"]
[PlyCount "83"]
[EventDate "2022.05.02"]
[EventCountry "ESA"]
[SourceTitle "playchess.com"]
[Source "ChessBase"]
[SourceQuality "1"]
[TimeControl "40/5400+30:1800+30"]

1. e4 e5 2. Nf3 Nc6 3. Bb5 a6 4. Ba4 Nf6 5. O-O Bc5 6. c3 b5 7. Bb3 d6 8. a4 Bg4 9. h3 Bxf3 {[%emt 0:00:07] C78: Ruy Lopez: Archangelsk and Möller Defences.} 10. Qxf3 Na5 11. Bc2 {[%emt 0:00:00] [#] Strongly threatening b4.} b4 12. Qd1 Qb8 13. d4 b3 14. dxc5 {And now Bd3 would win.} bxc2 15. Qxc2 {aiming for cxd6.} Nb3 16. Ra3 Nxc5 17. Nd2 a5 18. f3 {[#]} O-O $146 ({Predecessor:} 18... Qa7 19. Kh2 Rb8 20. Nc4 O-O 21. Rd1 Ne6 22. b3 Qa6 23. Be3 Rfe8 24. Qd3 Qa8 {½-½ (50) Granski,M (2503)-Romm,M (2502) ICCF email 2011}) 19. Nc4 Ne6 20. Be3 Qb7 21. Qb3 (21. b4 $5) 21... Qc8 ({Black should try} 21... Qa6 $11) 22. Qa2 $1 $14 {White is more active.} Rd8 23. Rb3 (23. b4 $16) 23... d5 24. Nxe5 Qa6 {[%emt 0:00:30] Prevents Nc6.} 25. Qb1 dxe4 (25... Re8 $1 $11) 26. fxe4 $16 Qd6 (26... Qe2 $16 27. Re1 Qa6) 27. Rb5 $18 c5 28. Nc4 Qc6 29. Nxa5 (29. e5 $18 Ne4 30. Qc2 (30. Nxa5 Qd5 $16)) 29... Qxe4 $16 30. Qxe4 (30. Bxc5 $2 Nxc5 31. Qxe4 Ncxe4 $17) 30... Nxe4 31. Nc6 Rd3 (31... Re8 $16) 32. Rf3 (32. Bf4 $18 {is more deadly.}) 32... f6 {[%emt 0:00:30] [#]} 33. a5 ({White should play} 33. Ra5 $1 $16 Rxa5 34. Nxa5) 33... Nd6 $1 $36 {[%emt 0:00:30][%mdl 2048] Black has good play. Pair of Knights! The position is equal.} 34. Rb3 Nc4 35. Kf2 Rd6 36. Ne7+ Kf7 37. Nf5 {Hoping for Rb7+.} Rd7 {[%emt 0:00:30] Prevents Rb7.} 38. Rb5 Rxa5 39. Rxa5 Nxa5 40. b4 cxb4 41. cxb4 Nc4 42. Bc5 {Black defended with fortune.  Weighted Error Value: White=0.20 (precise) /Black=0.21 (precise)} 1/2-1/2

[Event "XV American Continental 2022"]
[Site "San Salvador"]
[Date "2022.05.10"]
[Round "11.2"]
[White "Quesada Perez, Yasser"]
[Black "Yoo, Christopher Woojin"]
[Result "1/2-1/2"]
[ECO "B50"]
[WhiteElo "2560"]
[BlackElo "2535"]
[Annotator "TA"]
[PlyCount "35"]
[EventDate "2022.05.02"]
[EventCountry "ESA"]
[SourceTitle "playchess.com"]
[Source "ChessBase"]
[SourceQuality "1"]
[TimeControl "40/5400+30:1800+30"]

1. e4 c5 2. Nf3 d6 3. c3 Nf6 4. Be2 g6 5. O-O Bg7 6. Bb5+ Bd7 7. Bxd7+ Nbxd7 {[%emt 0:01:41][%cal Bb8d7,Bd7e5,Be5f3][%mdl 32] The position is equal.} ({Don't do} 7... Kxd7 8. d4 $16) 8. Re1 {[%emt 0:00:08] B50: Sicilian: 2...d6, Miscellaneous.} Ne5 9. d4 Nxf3+ 10. Qxf3 Nd7 {[%emt 0:01:18] [#] Against e5. A rather calm draw.} {Predecessor:} 11. Rd1 $146 O-O 12. Be3 cxd4 13. cxd4 Nb6 14. Nc3 Rc8 15. Bf4 Qd7 16. b3 f5 17. Rac1 fxe4 18. Qxe4 {½-½ (42) Kosteniuk,A (2482)-Dzagnidze,N (2509) Lausanne 2020} 1/2-1/2

[Event "XV American Continental 2022"]
[Site "San Salvador"]
[Date "2022.05.10"]
[Round "11.3"]
[White "Kaidanov, Gregory"]
[Black "Proudian, Armen"]
[Result "1/2-1/2"]
[ECO "E24"]
[WhiteElo "2556"]
[BlackElo "2418"]
[Annotator "TA"]
[PlyCount "80"]
[EventDate "2022.05.02"]
[EventCountry "ESA"]
[SourceTitle "playchess.com"]
[Source "ChessBase"]
[SourceQuality "1"]
[TimeControl "40/5400+30:1800+30"]

1. d4 Nf6 2. c4 e6 3. Nc3 Bb4 4. a3 Bxc3+ 5. bxc3 c5 6. f3 Nc6 {[%emt 0:02:07][%cal Bb8c6,Bc6a5,Ba5c4][%mdl 32] The modern move.} 7. e4 d6 8. Ne2 {[%emt 0:05:20] E24: Nimzo-Indian: Sämisch: Unusual Black 5th moves and 5...c5 sidelines.} b6 9. Ng3 Na5 10. Bd3 {[%emt 0:02:18] Black is slightly better.} Ba6 11. e5 dxe5 12. dxe5 Nd7 {[%emt 0:02:40] Pair of Knights!} 13. f4 {[%emt 0:03:57] [#]} Bxc4 $146 (13... f5 $15) ({Predecessor:} 13... f5 14. O-O Qc7 15. Qh5+ g6 16. Qe2 O-O-O 17. Be3 Nb8 18. Rfd1 Rhg8 19. Bf2 Bb7 {0-1 (28) Adelseck,H (2396)-Ibragimov,V (2431) GER email 2017}) 14. Bxc4 $11 Nxc4 15. O-O b5 {[%emt 0:08:33] Inhibits Qa4.} 16. a4 a6 17. axb5 ({White should play} 17. f5 $1 $11 Ndxe5 18. Qxd8+ Rxd8 19. axb5) 17... axb5 $15 18. Rxa8 Qxa8 19. f5 $1 {[%emt 0:10:16][%cal Bf4f5,Bf5e6,Be6f7][%mdl 32] [#] Hoping for Qg4.} Qd5 20. fxe6 Qxd1 {[%emt 0:10:30] The position is equal.} ({Resist} 20... Qxe6 21. Nf5 Kd8 22. Nxg7 $16) 21. exf7+ Ke7 22. Rxd1 Ndxe5 23. Ne4 b4 24. Nxc5 bxc3 25. Rf1 {[%emt 0:10:58] [#] aiming for Bg5+.} Nxf7 26. Ne4 c2 27. Rf2 Rd8 {[%emt 0:00:37] Strongly threatening ...Rd1+.} 28. Rxc2 Rd1+ 29. Kf2 Nfe5 {[%emt 0:00:23][%cal Od1c1] And now ...Rxc1! would win.} 30. Bd2 Ke6 31. Ke2 Rg1 32. Kf2 Rb1 33. Ke2 Kf5 34. Ng3+ Kg4 35. Bc3 Ng6 36. Bd2 Nxd2 37. Rxd2 Rb4 38. Kf2 Rf4+ 39. Kg1 Rf7 {[%emt 0:01:11] Prevents Rd7.} 40. Ne2 Kg5 {[%emt 0:00:29] Weighted Error Value: White=0.06 (flawless) /Black=0.05 (flawless)} 1/2-1/2

[Event "XV American Continental 2022"]
[Site "San Salvador"]
[Date "2022.05.10"]
[Round "11.4"]
[White "Figueredo Losada, Leonel"]
[Black "Swiercz, Dariusz"]
[Result "1-0"]
[ECO "B12"]
[WhiteElo "2337"]
[BlackElo "2665"]
[Annotator "TA"]
[PlyCount "159"]
[EventDate "2022.05.02"]
[EventCountry "ESA"]
[SourceTitle "playchess.com"]
[Source "ChessBase"]
[SourceQuality "1"]
[TimeControl "40/5400+30:1800+30"]

1. e4 c6 2. d4 d5 3. e5 Bf5 4. Nc3 e6 5. g4 Bg6 6. Nge2 c5 7. h4 h5 8. Nf4 Bh7 9. Nxh5 Nc6 {[%emt 0:01:05] 9...cxd4 is not played anymore. B12: Caro-Kann: Advance Variation.} 10. dxc5 $1 Bxc5 11. Bg5 {[%emt 0:00:04] 11.Bg2 is not played anymore.} Qb6 {[%emt 0:00:18] Black is slightly better.} 12. Qd2 Qxb2 (12... Nd4 $1 $15 13. O-O-O (13. Nxg7+ Kf8 $17) 13... Bxc2) 13. Rb1 $11 Qxc2 14. Qxc2 Bxc2 15. Rc1 d4 {[%emt 0:01:45] [#] aiming for ...d3.} 16. Rxc2 $146 ({Predecessor:} 16. Nxg7+ Kf8 17. Rxc2 dxc3 18. Nh5 Bd4 19. Rh3 Nxe5 20. Be2 Ne7 21. Nf6 Nd5 22. Nxd5 exd5 {½-½ (30) Lockwood,A (2325)-Halliwell,T (2321) ICCF email 2013}) 16... dxc3 17. Bb5 (17. Rxc3 Bb4 18. Bd2 (18. Nxg7+ $2 Kf8 $19) 18... Bxc3 19. Bxc3 Kf8 $17) 17... Nge7 18. Ke2 (18. Rxc3 $2 Bb4 19. Rhh3 (19. Nxg7+ $2 Kf8 $19) 19... Nd5 $19) (18. Nxg7+ Kf8 19. Bxc6 (19. Rxc3 $2 Bb4 $19) 19... Nxc6 $17) 18... Bd4 19. f4 (19. Nxg7+ Kf8 20. Nh5 Bxe5 21. Bxe7+ Nxe7 $17) (19. Rd1 $1 $15 a6 20. Nxg7+ Kf8 21. Bxe7+ Nxe7 22. Rxd4 axb5 23. Nh5) 19... O-O $36 {[%emt 0:08:16][%cal Be8g8,Bg8f8,Bf8e7][%mdl 2080] Black has strong initiative.} 20. Rd1 {[%emt 0:06:03] Strongly threatening Bxe7.} a6 (20... f6 $17 21. Nxg7 fxg5 22. Nxe6 Rxf4 23. Nxf4 gxf4) 21. Bxe7 $15 axb5 22. Bxf8 Kxf8 23. Rb1 {[%emt 0:00:04] Against Nb4} ({White should try} 23. Kd3 $15) 23... b4 $19 24. Ng3 Bc5 25. Rd1 Nd4+ 26. Rxd4 Bxd4 $17 {[%emt 0:00:02][%mdl 4096] Endgame KRB-KRN} 27. Ne4 (27. Kd3 $17 Bc5 28. Re2) 27... Ke7 28. h5 Rd8 29. g5 Bb6 ({Better is} 29... Kf8 $1 $17 {White must now prevent ...b6.} 30. Nd6 f6) 30. h6 $11 gxh6 31. gxh6 Rh8 32. Nf6 $1 Bd8 33. Kf3 Kf8 34. Ng4 Kg8 35. a3 $1 bxa3 36. Rxc3 Be7 37. Rc7 $1 a2 38. Rxe7 {[%emt 0:01:31] White wants to mate with Nf6+.} Rxh6 {[%emt 0:00:32][%mdl 8192] KRN-KR} 39. Re8+ $1 $18 ({Inferior is} 39. Nxh6+ Kg7 40. Nxf7 (40. Rxf7+ $2 Kxh6 41. Rxb7 a1=Q $19) 40... a1=Q 41. Nd6+ Kg8 $11) 39... Kg7 {[%emt 0:00:02] And now ...Rh3+ would win.} 40. Ra8 Rh3+ 41. Ke4 Rg3 $2 (41... Rb3 42. Rxa2 Rb4+ 43. Kf3 Rb3+ 44. Ne3 f5 45. exf6+ Kxf6) 42. Ne3 f5+ (42... Rg1 $142) 43. exf6+ Kxf6 44. Rxa2 {[%emt 0:00:00] Rb2 is the strong threat.} Rg7 45. Rb2 Rc7 46. Rb6 Ke7 47. Ke5 Rc5+ 48. Kd4 $1 Rc7 49. Nc4 Kf6 50. Rb5 Rh7 51. Ke4 {[%emt 0:00:00] Hoping for Nd6.} Rd7 {[%emt 0:00:39] Prevents Nd6.} 52. Rb6 {[%emt 0:00:00] White threatens f5 and mate.} Rc7 53. Nd6 {[%emt 0:00:00] Ne8+ would kill now.} Rc1 54. Rxb7 Re1+ 55. Kf3 Rf1+ 56. Ke3 Re1+ 57. Kd2 Rf1 58. Ne4+ Kg6 59. Ke3 Re1+ 60. Kf3 {[%emt 0:00:00] Threatening mate with Rb5.} Rf1+ {[%emt 0:00:04] [#]} 61. Kg4 $2 (61. Nf2 $1 $18 {Intending Rb6 and mate.} Kf6 62. Rb5) 61... Re1 $2 (61... Rg1+ $14 62. Kf3 Rh1) 62. Ng3 {[%emt 0:00:00] White mates.} Re3 63. Rb5 Kf6 64. Nh5+ Kf7 65. Kg5 Ke7 66. Re5 Rf3 67. Kg4 Rf2 68. Ng3 Kf7 69. Ne4 Rg2+ 70. Kf3 Rg6 71. Ng5+ Ke7 72. Kg4 Kd6 {[%emt 0:00:11] [#]} 73. Rxe6+ $1 Rxe6 74. Nxe6 Kxe6 {[%emt 0:00:03] KP-K} 75. Kg5 Kf7 {[%emt 0:00:23] [#]} 76. Kf5 $1 Ke7 77. Kg6 Kf8 78. Kf6 Ke8 79. Kg7 Ke7 80. f5 {[%emt 0:00:00] Quite a comeback for White.  Weighted Error Value: White=0.10 (very precise) /Black=0.49} 1-0

[Event "XV American Continental 2022"]
[Site "San Salvador"]
[Date "2022.05.10"]
[Round "11.5"]
[White "Hungaski, Robert"]
[Black "Cervantes Landeiro, Thalia"]
[Result "1/2-1/2"]
[ECO "D26"]
[WhiteElo "2521"]
[BlackElo "2193"]
[Annotator "TA"]
[PlyCount "53"]
[EventDate "2022.05.02"]
[EventCountry "ESA"]
[SourceTitle "playchess.com"]
[Source "ChessBase"]
[SourceQuality "1"]
[TimeControl "40/5400+30:1800+30"]

1. d4 d5 2. c4 dxc4 3. Nf3 Nf6 4. e3 e6 5. Bxc4 c5 6. O-O Nc6 7. Nc3 a6 {[%emt 0:00:26] 7...a6 is better than 7...cxd4.} 8. Bb3 Be7 {8...cxd4 is not played anymore.} 9. d5 {[%emt 0:03:38] D27: Queen's Gambit Accepted: Classical main line: 7 e4!? and 7 a4.} (9. dxc5 $14 Qxd1 10. Rxd1) 9... exd5 $11 10. Nxd5 Nxd5 11. Bxd5 {[%emt 0:00:06] [#]} Nb4 $146 ({Predecessor:} 11... Qc7 12. e4 O-O 13. Be3 Be6 14. Rc1 b6 15. Bxe6 fxe6 16. Qb3 Rf6 17. Ng5 Nd8 {1-0 (45) Costachi,M (2471)-Dordzhieva,D (2334) Chess.com INT 2021}) 12. e4 Nxd5 13. Qxd5 O-O 14. Qh5 Qb6 15. b3 Qg6 (15... Qe6 {seems wilder.} 16. Be3 b6 17. Ng5 Qg6) 16. Qxg6 hxg6 17. Be3 Be6 18. Rac1 Rac8 19. Nd2 (19. Rc2 $15 {was preferrable.}) 19... b5 $17 20. Rc2 c4 21. bxc4 bxc4 22. Nb1 Rfd8 23. Rfc1 Bb4 24. Bd2 {[%emt 0:11:42] Against c3} Bc5 25. Be3 Bb4 {[%emt 0:02:46][%cal Oc4c3] Hoping for ...c3! This bishop pair is nice.} 26. Bd2 {[%emt 0:00:46] Prevents c3.} Bc5 27. Be3 {[%emt 0:00:06] Weighted Error Value: White=0.17 (very precise) /Black=0.10 (very precise)} 1/2-1/2

[Event "XV American Continental 2022"]
[Site "San Salvador"]
[Date "2022.05.10"]
[Round "11.6"]
[White "Morovic Fernandez, Ivan"]
[Black "Sarkar, Justin"]
[Result "0-1"]
[ECO "C70"]
[WhiteElo "2495"]
[BlackElo "2325"]
[Annotator "TA"]
[PlyCount "62"]
[EventDate "2022.05.02"]
[EventCountry "ESA"]
[SourceTitle "playchess.com"]
[Source "ChessBase"]
[SourceQuality "1"]
[TimeControl "40/5400+30:1800+30"]

1. e4 e5 2. Nf3 Nc6 3. Bb5 a6 4. Ba4 b5 5. Bb3 Na5 6. O-O d6 7. d4 exd4 {[%emt 0:00:50] 7...exd4 scores better than 7...Nxb3.} 8. Nxd4 Bb7 9. Bd2 Nxb3 {[%emt 0:00:10] C70: Ruy Lopez: 3...a6 4 Ba4, Norwegian and Delayed Schliemann.} 10. Nxb3 Rb8 11. Re1 Nf6 {[%emt 0:03:26] White has an edge.} 12. Nc3 Be7 13. Nd4 O-O {[%emt 0:10:34] [#]} 14. a3 $146 ({Predecessor:} 14. Nf5 Re8 15. Bg5 b4 16. Nb1 Qd7 17. Nd2 Bd8 18. Qf3 Re5 19. Qg3 Nxe4 20. Nxe4 Qxf5 21. Bxd8 Rxd8 22. Ng5 Qxg5 {0-1 (22) Oliveira,S (2280)-Nesterov,A (2517) Chess.com INT 2020}) 14... g6 {[%emt 0:05:13] Prevents Nf5.} 15. Bg5 Re8 16. Nf3 c5 17. e5 dxe5 18. Qxd8 Bxd8 19. Nxe5 Kg7 20. Nd3 {[%emt 0:04:26] Pair of Knights!} Rxe1+ (20... Be7 {with more complications.} 21. Bxf6+ Kxf6 22. a4 Ba8) 21. Rxe1 Rc8 22. Be3 Nd7 23. Rd1 Be7 24. f3 Nb6 25. Re1 Bf8 26. b4 cxb4 27. axb4 Nd7 28. Bd4+ (28. Rc1 $11) 28... Kg8 $17 29. Ne4 Bxe4 {[%emt 0:01:44] Black is clearly better.} ({And not} 29... Rxc2 30. Nec5 Rc4 31. Be3 Nxc5 32. Bxc5 $17) 30. Rxe4 Rxc2 31. Nf4 (31. Re1 $17) 31... Rc4 {[%emt 0:02:14] Weighted Error Value: White=0.21 (precise) /Black=0.03 (flawless)} 0-1

[Event "XV American Continental 2022"]
[Site "San Salvador"]
[Date "2022.05.10"]
[Round "11.7"]
[White "Thavandiran, Shiyam"]
[Black "Morales, Carlos"]
[Result "1/2-1/2"]
[ECO "B18"]
[WhiteElo "2399"]
[BlackElo "2005"]
[Annotator "TA"]
[PlyCount "100"]
[EventDate "2022.05.02"]
[EventCountry "ESA"]
[SourceTitle "playchess.com"]
[Source "ChessBase"]
[SourceQuality "1"]
[TimeControl "40/5400+30:1800+30"]

1. e4 c6 2. d4 d5 3. Nd2 dxe4 4. Nxe4 Bf5 5. Ng3 Bg6 6. Nh3 Nd7 {[%emt 0:00:17] Recently 6...Nf6 got a lot of attention.} 7. c3 {[%emt 0:00:10] B18: Classical Caro-Kann: 4...Bf5 sidelines.} Ngf6 8. Bc4 e6 9. Nf4 Bd6 10. O-O O-O 11. Re1 Re8 {[%emt 0:00:37] [#]} 12. Qf3 $146 ({Predecessor:} 12. Nxg6 hxg6 13. Ne4 Nxe4 14. Rxe4 Qe7 15. Qf3 Qf6 16. Qe2 Nb6 17. Bb3 a5 18. a4 {0-1 (44) Ayza Ballester,J (2198)-Perez Garcia,A (2115) La Pobla de Lillet 2018}) 12... Qb6 13. Nxg6 hxg6 14. Ne4 Nxe4 15. Rxe4 c5 16. dxc5 Qxc5 17. Bf1 Nf6 18. Re1 Rad8 19. g3 b6 20. Be3 Qh5 21. Qxh5 gxh5 22. h3 {[%emt 0:03:38] Prevents Ng4.} h4 23. Kg2 Bc5 24. Bxc5 bxc5 25. Rad1 Kf8 26. Kf3 Ke7 27. Bg2 Rb8 28. Rd2 Red8 29. Red1 Rd5 30. Ke2 Rg5 31. g4 {[%emt 0:00:08] [#] Threatens to win with f4.} Re5+ (31... c4 $1 $15 {deserves consideration.}) 32. Kd3 $11 Nd5 {[%emt 0:01:10] White must now prevent ...Nf4+.} 33. Bxd5 exd5 {[%emt 0:00:25][%mdl 4096] Endgame KRR-KRR} 34. f4 (34. Kc2 $5 ) 34... Re4 35. Kc2 Rxf4 (35... d4 $5) 36. Rxd5 Rf2+ 37. R1d2 Rxd2+ 38. Rxd2 {[%emt 0:00:09] KR-KR} Ke6 {[%emt 0:00:23] Inhibits Rd5.} 39. c4 Ke5 40. Rf2 f6 41. Rf5+ Kd4 42. Rf4+ Ke3 43. Rf5 Rc8 $1 44. Kc3 Rc6 {[%emt 0:00:13] And now ...g6 would win.} 45. b4 $1 {[%emt 0:00:12] The position is equal.} cxb4+ 46. Kxb4 g6 47. Rf1 Ke2 48. Rf4 Ke3 49. Rf1 Ke2 50. Rf4 Ke3 {[%emt 0:00:06] Weighted Error Value: White=0.07 (flawless) /Black=0.08 (flawless)} 1/2-1/2

[Event "XV American Continental 2022"]
[Site "San Salvador"]
[Date "2022.05.10"]
[Round "11.8"]
[White "Pichot, Alan"]
[Black "Ramirez Osio, Julio Adrian"]
[Result "1-0"]
[ECO "B27"]
[WhiteElo "2652"]
[BlackElo "2143"]
[Annotator "TA"]
[PlyCount "67"]
[EventDate "2022.05.02"]
[EventCountry "ESA"]
[SourceTitle "playchess.com"]
[Source "ChessBase"]
[SourceQuality "1"]
[TimeControl "40/5400+30:1800+30"]

1. e4 c5 2. Nf3 g6 3. c3 Bg7 4. d4 cxd4 5. cxd4 d5 6. e5 Bg4 7. Bb5+ {[%emt 0:00:21] B27: Sicilian: 2 Nf3, unusual Black 2nd moves.} Nd7 {[%emt 0:01:15] is the new trend.} 8. Nc3 e6 9. O-O {[%emt 0:01:37] The position is equal.} Ne7 10. h3 Bxf3 11. Qxf3 O-O 12. Bg5 h6 13. Bh4 g5 14. Bg3 Nf5 15. Rad1 {[%emt 0:00:26] [#]} Nb6 $146 ({Predecessor:} 15... a6 16. Ba4 Rc8 17. Bc2 Nxg3 18. Qxg3 f5 19. exf6 Rxf6 20. Qd3 Nf8 21. g3 Qe8 {1-0 (64) Chen,R (1793)-Higashino,T (2211) Tokyo 2018}) 16. Qg4 Rc8 17. Bd3 Nxg3 18. Qxg3 Nc4 19. Bxc4 Rxc4 20. Qd3 (20. b3 $14 Rc6 21. Nb5) 20... f6 $11 21. exf6 Qxf6 22. Ne2 Qf5 23. Qb3 Qc2 24. Qe3 Qxb2 (24... Qf5 $11) 25. Qxe6+ Kh8 26. Rb1 Qxa2 27. Rxb7 {[%emt 0:00:30] [#] Strongly threatening Ng3.} Qc2 28. Rxa7 Qe4 (28... Qf5 $16 29. Qe3 (29. Qe7 Qf6 $16) 29... Rcc8) 29. Qxe4 dxe4 {[%emt 0:00:04] [#]} 30. Re7 $1 Rb8 (30... Bxd4 $2 31. Rxe4 Bxf2+ 32. Rxf2 $18) 31. Rxe4 Rb2 32. Rd1 Rcc2 33. Kf1 Kh7 (33... Bxd4 $16 34. Nxd4 Rxf2+ 35. Ke1 Rxg2) 34. g4 {[%emt 0:00:49] Weighted Error Value: White=0.11 (very precise) /Black=0.20 (precise)} 1-0

[Event "XV American Continental 2022"]
[Site "San Salvador"]
[Date "2022.05.10"]
[Round "11.9"]
[White "Diaz Rosas, Julio Cesar"]
[Black "Valdes Romero, Leonardo"]
[Result "1/2-1/2"]
[ECO "B07"]
[WhiteElo "2351"]
[BlackElo "2403"]
[Annotator "TA"]
[PlyCount "107"]
[EventDate "2022.05.02"]
[EventCountry "ESA"]
[SourceTitle "playchess.com"]
[Source "ChessBase"]
[SourceQuality "1"]
[TimeControl "40/5400+30:1800+30"]

1. e4 d6 2. d4 Nf6 3. Nc3 g6 4. Bg5 Bg7 5. Nf3 c6 6. Qd2 b5 7. Bd3 O-O 8. Bh6 Nbd7 9. Bxg7 {[%emt 0:00:40] B08: Pirc Defence: Classical System.} (9. e5 {looks sharper.} dxe5 10. dxe5 Ng4 11. Bxg7 Kxg7 12. Qg5) 9... Kxg7 10. a4 b4 11. Ne2 {[%emt 0:00:17] White is slightly better.} Qa5 {[%emt 0:00:11] Against e5} 12. Ng3 {[%emt 0:04:56] [#]} Rh8 $146 ({Predecessor:} 12... h6 13. h4 e5 14. h5 Rh8 15. Nh4 Nf8 16. Bc4 Bg4 17. hxg6 fxg6 18. Bb3 Re8 {1-0 (61) Kapnisis,S (2373)-Vajda,L (2507) Athens 2001}) 13. h4 h5 14. e5 dxe5 15. Qg5 Ng8 (15... Nd5 $11 {keeps the balance.}) 16. O-O $16 (16. dxe5 Nc5 $14) 16... Nf8 17. Qxe5+ Qxe5 18. Nxe5 Bb7 19. a5 Rd8 20. a6 Ba8 21. Be4 f6 ({Black should play} 21... Nd7 $14) 22. Nf3 {[%emt 0:13:46] White is much more active. The black rooks are badly placed.} Ne6 23. c3 $36 {[%emt 0:00:30][%mdl 2048] White is more active.} bxc3 (23... f5 $1 $14) 24. bxc3 f5 25. Bc2 (25. Bd3 $16) 25... c5 $14 26. Bb3 (26. Rfe1 $5 Bxf3 27. gxf3 $14) 26... Nf4 27. dxc5 Bxf3 28. gxf3 Rc8 (28... Nh6 $14) 29. Rfd1 Nf6 30. Rd4 e5 (30... Rb8 $16 {was worth a try.}) 31. Rb4 $18 Rh7 32. Rd1 Kf8 33. Rb7 {[%emt 0:01:20] [#] Prevents Rd7. Strongly threatening Rd6.} Re7 34. Ba4 N4d5 $2 (34... Ne6) 35. c4 Nc3 36. Rd6 Nxa4 $2 (36... Kf7 {might work better.}) 37. Rxf6+ Kg7 {[%emt 0:00:04] [#]} 38. Re6 (38. Rxe7+ Kxf6 39. Rxa7 Rxc5 $16) (38. Rxf5 $1 $18 {[%mdl 512] and the rest is easy.} gxf5 39. Nxf5+ Kf7 40. Nxe7 (40. Rxe7+ Kf6 $16) 40... Rxc5 41. Nd5+ Ke6 42. Nc7+ Kf5 43. Nb5) 38... Rf7 $16 39. c6 ({Much worse is} 39. Rxe5 $6 Nxc5 40. Rxf7+ Kxf7 $11) 39... Nc5 40. Rd6 ({Much weaker is} 40. Rxe5 Rxc6 41. Rb1 Kf6 $15) 40... Nxa6 41. f4 (41. c5 $1 $14) 41... Nb8 $11 {[%emt 0:25:12] The position is equal.} 42. fxe5 Nxc6 43. Rb5 Rfc7 44. Ne2 {[%emt 0:00:00] And now Nf4 would win.} a6 45. Rc5 Ne7 46. Rxc7 Rxc7 {[%emt 0:00:01][%mdl 4096] Endgame KRN-KRN} 47. Nf4 {[%emt 0:00:00] Hoping for Ne6+.} ({Don't play} 47. Rxa6 Rxc4 48. Ra7 Kf8 $15) 47... Rxc4 48. Ne6+ Kf7 49. Ng5+ Ke8 50. Rxa6 Rxh4 {[%emt 0:00:51] aiming for ...Rg4+.} 51. Ra8+ Kd7 {[%emt 0:00:08] White must now prevent ...Rg4+.} 52. Ra7+ Ke8 {[%emt 0:00:14] Threatens to win with ...Rg4+.} 53. Ra8+ Kd7 {[%emt 0:00:04] ...Rg4+ is the strong threat.} 54. Ra7+ {[%emt 0:00:00] Blacks defense is rewarded with a draw.  Weighted Error Value: White=0.30/Black=0.18 (very precise)} 1/2-1/2

[Event "XV American Continental 2022"]
[Site "San Salvador"]
[Date "2022.05.10"]
[Round "11.10"]
[White "Mekhitarian, Krikor Sevag"]
[Black "Leon Calderon, Jonathan"]
[Result "1-0"]
[ECO "A09"]
[WhiteElo "2569"]
[BlackElo "2126"]
[Annotator "TA"]
[PlyCount "27"]
[EventDate "2022.05.02"]
[EventCountry "ESA"]
[SourceTitle "playchess.com"]
[Source "ChessBase"]
[SourceQuality "1"]
[TimeControl "40/5400+30:1800+30"]

1. Nf3 d5 2. c4 d4 3. b4 c5 4. e3 f6 5. exd4 cxd4 6. c5 {A09: Réti Opening: 1 Nf3 d5 2 c4.} e5 7. Bc4 {[%emt 0:03:44] Prevents Be6. And now Qb3 would win.} a5 {[%emt 0:00:30] [#]} 8. O-O $146 (8. Qb3 $11 Nh6 9. d3) ({Predecessor:} 8. Qb3 Nh6 9. d3 axb4 10. Bxh6 gxh6 11. Nbd2 Nc6 12. Ne4 Ra3 13. Qd1 f5 14. Ng3 {1-0 (70) Alekseev,E (2639)-Usmanov,V (2450) St Petersburg 2018}) 8... Bg4 {[%emt 0:04:21] [#]} (8... axb4 $15 {stays ahead.} 9. Qb3 Nh6) 9. d3 ({White should try} 9. Qb3 $1 $16 Nh6 10. d3) 9... Be7 (9... axb4 $11 10. Qb3 Ne7) 10. bxa5 $16 {[%emt 0:51:09] White is more active.} Bxc5 (10... Nd7 $16) 11. Nbd2 $18 {[%emt 0:01:10] Black must now prevent Rb1.} ({Not} 11. Qb3 Ne7 $11) 11... Nc6 12. a6 bxa6 13. Qa4 Bd7 {[%emt 0:01:55] [#]} (13... Nge7 $16 {was worth a try.}) 14. Bxg8 {[%emt 0:00:53] Weighted Error Value: White=0.21 (precise) /Black=0.61} 1-0